 Dungeon Crawl Stone Soup version 0.30-a0-1-g69b7b797bf (webtiles) character file.

Game seed: 5902178057187967852

3814 sasdad the Frost Mage (level 10, 81/81 HPs)
             Began as a Meteoran Ice Elementalist on Aug 19, 2022.
             Was an Elder of Elyvilon.
             Quit the game on level 8 of the Dungeon on Jan 15, 2024.
             The game lasted 00:54:01 (4622 turns).

sasdad the Frost Mage (Meteoran Ice Elementalist)   Turns: 4622, Time: 00:54:01

Health: 81/81      AC: 14    Str: 10    XL:     10   Next: 66%
Magic:  20/20      EV: 13    Int: 23    God:    Elyvilon [****..]
Gold:   181        SH:  0    Dex: 16    Spells: 11/21 levels left

rFire   . . .      SeeInvis .    i - +0 sling
rCold   + + .      Faith    +    (no shield)
rNeg    + . .      Spirit   .    F - +2 ring mail of Uwiaxah {rPois rC++ rCorr Int-3}
rPois   +          Reflect  .    l - +0 helmet
rElec   .          Harm     .    v - scarf {repulsion}
rCorr   +          Rampage  .    w - +0 pair of gloves
Will    +....                    u - +2 pair of boots
Stlth   +.........               B - amulet of faith
HPRegen 0.23/turn                n - +6 ring of intelligence
MPRegen 0.17/turn                G - ring of positive energy

@: glowing, repel missiles
A: sense surroundings 2, otherworldly, glowing, explore regen
a: Renounce Religion, Purification, Heal Other, Heal Self


You were on level 8 of the Dungeon.
You worshipped Elyvilon.
Elyvilon was greatly pleased with you.
You visited 2 branches of the dungeon, and saw 9 of its levels.
You also visited: Ossuary.

You collected 472 gold pieces.
You spent 291 gold pieces at shops.

Inventory:

Hand Weapons
 i - a +0 sling (weapon)
Missiles
 N - a curare-tipped dart
Armour
 a - a +0 robe
 k - a +2 ring mail of cold resistance
 l - a +0 helmet (worn)
 q - a +0 cloak
 u - a +2 pair of boots (worn)
 v - a scarf of repulsion (worn)
 w - a +0 pair of gloves (worn)
 A - a +2 kite shield
 F - the +2 ring mail of Uwiaxah (worn) {rPois rC++ rCorr Int-3}
   (You found it on level 7 of the Dungeon)

   Int:       It affects your intelligence (-3).
   rC:        It greatly protects you from cold.
   rPois:     It protects you from poison.
   rCorr:     It protects you from acid and corrosion.
Jewellery
 n - a +6 ring of intelligence (left hand)
 B - an amulet of faith (around neck)
 G - a ring of positive energy (right hand)
Wands
 m - a wand of polymorph (10)
 x - a wand of charming (11)
 L - a wand of acid (2)
Scrolls
 c - 5 scrolls of teleportation {unknown}
 d - 2 scrolls of magic mapping {unknown}
 f - 6 scrolls of butterflies {unknown}
 h - 3 scrolls of immolation
 j - 2 scrolls of vulnerability {unknown}
 o - 3 scrolls of enchant armour {unknown}
 r - 3 scrolls of fear {unknown}
 s - 2 scrolls of noise {unknown}
 y - a scroll of blinking {unknown}
 E - 2 scrolls of silence {unknown}
 J - a scroll of acquirement {unknown}
 M - a scroll of summoning {unknown}
Potions
 b - 3 potions of magic
 e - 14 potions of curing
 g - 3 potions of mutation
 p - a potion of flight {unknown}
 t - 3 potions of haste
 z - a potion of attraction {unknown}
 C - 5 potions of heal wounds
 D - 2 potions of cancellation
 H - a potion of degeneration {unknown}
 I - a potion of might {unknown}
 K - 2 potions of ambrosia


   Skills:
 + Level 5.3 Fighting
 * Level 7.7 Ranged Weapons
 + Level 5.5 Armour
 + Level 6.0 Dodging
 - Level 1.4 Stealth
 - Level 6.0 Spellcasting
 * Level 4.6 Hexes
 - Level 8.0 Ice Magic
 - Level 4.0 Invocations


You had 11 spell levels left.
You knew the following spells:

 Your Spells              Type           Power      Damage    Failure   Level
a - Freeze                Ice            100%       1d11      1%          1
b - Frozen Ramparts       Ice            86%        1d13      2%          3
c - Ozocubu's Armour      Ice            43%        N/A       2%          3
d - Tukima's Dance        Hex            28%        N/A       9%          3

Your spell library contained the following spells:

 Spells                   Type           Power      Damage    Failure   Level
 Magic Dart               Conj           24%        1d4       21%         1
 Call Imp                 Summ           6%         N/A       30%         2
 Hailstorm                Conj/Ice       25%        3d7       36%         4
 Mephitic Cloud           Conj/Pois/Air  6%         N/A       52%         3
 Passage of Golubria      Tloc           6%         N/A       89%         4
 Yara's Violent Unravell  Hex/Tmut       8%         3d5       91%         5


Dungeon Overview and Level Annotations

Branches:
Dungeon (8/15) Zot: 556    Temple (1/1) D:5 Zot: 491 Ossuary (visited)
   Lair: D:8-11

Altars:
Cheibriados
Dithmenos
Elyvilon
Fedhas
Gozag
Kikubaaqudgha
Makhleb
Nemelex Xobeh
Okawaru
Qazlal
Ru
Trog
Uskayaw
Vehumet
Xom
Yredelemnul
Zin
The Shining One

Shops:
D:1 [   D:2 *   D:4 [   D:5 [

Annotations:
D:6 2 transporters


Innate Abilities, Weirdness & Mutations

You passively map the area around you.
You are easily found by Zot.
You glow in the dark.
You regain HP and MP as you explore.


Message History

Press: ? - help, Q - select action, (/) - cycle Shift-Dir - straight line, f/p - white imp
Aim: a white imp (lightly wounded, 63% to hit)
You shoot a sling bullet.
The sling bullet barely misses the white imp.
Fire: i) +0 sling
Press: ? - help, Q - select action, (/) - cycle Shift-Dir - straight line, f/p - white imp
Aim: a white imp (lightly wounded, 63% to hit)
You shoot a sling bullet.
The sling bullet hits the white imp but does no damage.
The white imp is lightly wounded.
Fire: i) +0 sling
Press: ? - help, Q - select action, (/) - cycle Shift-Dir - straight line, f/p - white imp
Aim: a white imp (63% to hit)
You shoot a sling bullet. The sling bullet hits the white imp.
The white imp is moderately wounded.
Fire: i) +0 sling
Press: ? - help, Q - select action, (/) - cycle Shift-Dir - straight line, f/p - white imp
Aim: a white imp (moderately wounded, 63% to hit)
You shoot a sling bullet. The sling bullet hits the white imp!
You kill the white imp!
You open the door.
There is an open door here.
You open the door.
There is an open door here.
You open the door.
There is an open door here.
You open the door.
There is an open door here.
A wight comes into view. It is wielding a +0 halberd.
Fire: i) +0 sling
Press: ? - help, Q - select action, (/) - cycle Shift-Dir - straight line, f - wight
Aim: a wight, wielding a +0 halberd and wearing a +0 robe (wandering, hasn't noticed you, 63% to hit)
You shoot a sling bullet.
The sling bullet hits the wight but does no damage.
A wight comes into view. It is wielding a +4 halberd.
Saving game... please wait.
Welcome back, sasdad the Meteoran Ice Elementalist.
Elyvilon says: Go forth and aid the weak!
Press ? for a list of commands and other information.
Are you sure you want to abandon this character and quit the game? (Confirm with "yes".)

,* #.....#...#.... ,
.z. #.....#...#.... ,
, ,.z #.....'...#....
.. #.....#...#.... , ,
.#####.....##'###'##
,,*
#................... ,
* +...................
,,#...........).......
, , ,,
#..@................ ,
, #...................
,,
,#...................
*, ,
#................).. ,
, *
#.....##'########)#.
,*
#.....#...#...#...#. *
#.....#...#...'...#. ,
#.....#############. *
* ####### ##


You could see 2 wights.

Vanquished Creatures
  Grinder (D:6)
  A hornet (D:7)
  The ghost of M4edhros the Insei, an amateur OpAr (D:5)
  Sigmund (D:6)
  A water moccasin (D:6)
  A sky beast (D:6)
  5 black bears
  3 kobold brigands
  A bullfrog (D:6)
  2 necrophages
  13 scorpions
  4 killer bees (D:7)
  A crimson imp (D:3)
  2 howler monkeys (D:5)
  A human zombie (Ossuary)
  2 centaur zombies (Ossuary)
  3 hounds
  4 orc priests
  Crazy Yiuf (D:3)
  A jelly (D:8)
  2 iguanas
  4 scorpion zombies (Ossuary)
  Ijyb (D:5)
  Natasha (thrice) (D:2)
  2 orc wizards
  3 mummies (Ossuary)
  Robin (D:2)
  11 adders
  A shadow imp (D:6)
  A white imp (D:8)
  An ufetubus (D:5)
  6 worms
  3 dart slugs
  23 orcs
  7 bats
  5 endoplasms
  3 giant cockroaches
  A gnoll zombie (Ossuary)
  16 goblins
  11 hobgoblins
  3 jackals (D:1)
  17 kobolds
  4 quokkas
  4 ball pythons
  A frilled lizard (D:2)
  2 goblin skeletons (D:3)
  3 goblin zombies
  3 hobgoblin zombies
  2 kobold skeletons (D:3)
  4 kobold zombies (Ossuary)
  3 orc skeletons (D:3)
  2 orc zombies
  7 rats
209 creatures vanquished.

Vanquished Creatures (others)
  4 plants (D:6)
4 creatures vanquished.

Grand Total: 213 creatures vanquished

Notes
Turn   | Place    | Note
-------+----------+-------------------------------------------
     0 | D:1      | sasdad the Meteoran Ice Elementalist began the quest for
                  | the Orb.
     0 | D:1      | Reached XP level 1. HP: 14/14 MP: 5/5
    60 | D:1      | Reached XP level 2. HP: 19/22 MP: 0/6
   206 | D:1      | Reached skill level 1 in Fighting
   217 | D:1      | Found a faded altar of an unknown god.
   230 | D:1      | Reached XP level 3. HP: 27/28 MP: 4/8
   236 | D:1      | Learned a level 3 spell: Frozen Ramparts
   317 | D:1      | Learned a level 3 spell: Ozocubu's Armour
   368 | D:1      | Found Waleut's Antique Armour Emporium.
   434 | D:2      | Reached skill level 1 in Ranged Weapons
   434 | D:2      | Reached skill level 5 in Ice Magic
   444 | D:2      | Found Tygat's Assorted Antiques.
   452 | D:2      | Reached XP level 4. HP: 33/35 MP: 9/9
   507 | D:2      | Noticed Natasha
   517 | D:2      | Killed Natasha
   518 | D:2      | Reached XP level 5. HP: 38/41 MP: 3/11
   567 | D:2      | Noticed Natasha
   571 | D:2      | Killed Natasha
   571 | D:2      | Noticed Robin
   577 | D:2      | Killed Robin
   589 | D:2      | Noticed Natasha
   593 | D:2      | Killed Natasha
   594 | D:2      | Reached skill level 1 in Armour
   594 | D:2      | Reached XP level 6. HP: 39/48 MP: 2/12
   716 | D:2      | Bought a twisted steel ring for 110 gold pieces
   871 | D:3      | Found a runed translucent door.
   872 | D:3      | Noticed Crazy Yiuf
   880 | D:3      | Killed Crazy Yiuf
   982 | D:3      | Found a glowing golden altar of the Shining One.
  1400 | D:3      | Reached XP level 7. HP: 43/56 MP: 9/14
  1578 | D:4      | Reached skill level 6 in Ice Magic
  1872 | D:4      | Found Yniohocy's Armour Boutique.
  1878 | D:4      | Bought a +2 pair of boots for 181 gold pieces
  2236 | D:5      | Entered Level 5 of the Dungeon
  2241 | D:5      | Learned a level 3 spell: Tukima's Dance
  2254 | D:5      | Found a staircase to the Ecumenical Temple.
  2264 | Temple   | Entered the Ecumenical Temple
  2341 | Temple   | Became a worshipper of Elyvilon the Healer
  2578 | D:5      | Found a hide-covered altar of Uskayaw.
  2717 | D:5      | Reached skill level 1 in Invocations
  2717 | D:5      | Reached XP level 8. HP: 62/62 MP: 12/15
  2744 | D:5      | Noticed Ijyb
  2753 | D:5      | Killed Ijyb
  2760 | D:5      | Found Faxkacwu's Antique Armour Shoppe.
  2795 | D:5      | Found a runed translucent door.
  2795 | D:5      | Reached * piety under Elyvilon
  2795 | D:5      | Noticed M4edhros's ghost (amateur OpAr)
  2806 | D:5      | Killed M4edhros's ghost
  2937 | D:5      | Glimpsed the power of Zot.
  2985 | D:6      | Found a transporter.
  2991 | D:6      | Noticed Sigmund
  2998 | D:6      | Killed Sigmund
  2999 | D:6      | Reached skill level 7 in Ice Magic
  3003 | D:6      | Reached skill level 5 in Ranged Weapons
  3003 | D:6      | Reached skill level 5 in Spellcasting
  3003 | D:6      | Gained mutation: You passively map the area around you.
                  | [Meteoran growth]
  3003 | D:6      | Reached XP level 9. HP: 70/70 MP: 9/17
  3213 | D:6      | Found a large runed translucent door.
  3214 | D:6      | Found a large runed translucent door.
  3225 | D:6      | Found a basalt altar of Yredelemnul.
  3237 | D:6      | Found a sacrificial altar of Ru.
  3300 | D:6      | Noticed Grinder
  3330 | D:6      | Killed Grinder
  3331 | D:6      | Reached skill level 8 in Ice Magic
  3465 | D:6      | Reached skill level 1 in Hexes
  3466 | D:6      | Reached skill level 5 in Dodging
  3471 | D:6      | Found a transporter.
  3478 | D:6      | Noticed a kobold demonologist
  3512 | D:6      | Glimpsed the power of Zot.
  3551 | D:6      | Reached XP level 10. HP: 70/80 MP: 15/19
  3559 | D:7      | Reached ** piety under Elyvilon
  3585 | D:7      | Identified the +2 ring mail of Uwiaxah {rPois rC++ rCorr
                  | Int-3}
  3762 | D:7      | Found a sand-covered staircase.
  3770 | Ossuary  | Entered an ossuary
  3817 | Ossuary  | Reached skill level 5 in Armour
  3884 | Ossuary  | Reached skill level 5 in Fighting
  4220 | D:7      | Reached *** piety under Elyvilon
  4370 | D:7      | Found an opulent altar of Gozag.
  4372 | D:7      | Found a stormy altar of Qazlal.
  4373 | D:7      | Found a shimmering altar of Xom.
  4374 | D:7      | Found an ancient bone altar of Kikubaaqudgha.
  4375 | D:7      | Found a bloodstained altar of Trog.
  4618 | D:8      | Reached **** piety under Elyvilon
  4622 | D:8      | Quit the game

Illustrated notes

Levels and vault maps discovered:
D:1:      lemuel_arrival_rhombus, layout_basic, serial_shops, shop,
          hellmonk_ecumenical_altar_blasted
D:2:      layout_rooms, serial_shops, nicolae_shop_advertising_works
          [nicolae_subvault_shop_adworks], uniq_robin, uniq_natasha
D:3:      layout_loops_ring, nicolae_tso_besieged_by_evil, minmay_between,
          uniq_crazy_yiuf_cottage
D:4:      layout_gridville, serial_shops, kennysheep_little_box,
          nicolae_wormholes
D:5:      layout_basic, mainiacjoe_overflow_surrounded_room,
          minmay_temple_entry_sparse_star, gammafunk_ghost_grave, serial_shops,
          shop, fountainhead, uniq_ijyb
D:6:      gammafunk_wand_slinger, layout_loops_corners, jmf_multi_god_temple2,
          gammafunk_temple_overflow_forgotten, serial_shops, shop,
          minmay_strange_pillars, uniq_sigmund, uniq_grinder
D:7:      layout_gridville, minitemple, nicolae_ossuary_entry_monument,
          mumra_transporter_accident, dk_rats_in_the_wall
D:8:      layout_gridville
Temple:   kb_temple_of_zot

Skill      XL: |  1  2  3  4  5  6  7  8  9 10 |
---------------+-------------------------------+-----
Spellcasting   | 3 4 5 6 |  6.0
Fighting       | 1 2 3 4 5 |  5.3
Ranged Weapons | 1 2 3 4 5 6 7 |  7.7
Ice Magic      | 5 6 7 8 |  8.0
Armour         | 1 2 3 4 5 |  5.5
Dodging        | 3 4 5 6 |  6.0
Invocations    | 1 2 3 4 |  4.0
Hexes          | 1 4 |  4.6
Stealth        | |  1.4

Action                   |  1- 3 |  4- 6 |  7- 9 | 10-12 || total
-------------------------+-------+-------+-------+-------++-------
Melee: Unarmed           |     1 |       |       |       ||     1
 Fire: Sling             |    18 |    95 |   176 |   183 ||   472
 Cast: Freeze            |    27 |    17 |    21 |     6 ||    71
       Frozen Ramparts   |     1 |    16 |    35 |    27 ||    79
       Ozocubu's Armour  |       |     3 |     6 |     6 ||    15
Invok: Purification      |       |       |       |     1 ||     1
  Use: Scroll            |       |       |       |     6 ||     6
Armor: Robe              |     4 |       |       |       ||     4
       Ring mail         |       |    22 |    30 |   111 ||   163
Dodge: Dodged            |    11 |    17 |    38 |   114 ||   180

Table legend: (Time is in decaauts)
 A = Elapsed time spent in this place.
 B = Non-inter-level travel time spent in this place.
 C = Inter-level travel time spent in this place.
 D = Time resting spent in this place.
 E = Time spent auto-exploring this place.
 F = Levels seen in this place.
 G = Mean time per level.
                   A        B        C        D        E       F      G
               +--------+--------+--------+--------+--------+-----+--------+
         Total |   4748 |   1413 |   3335 |     12 |      1 |  10 |  474.8 |
       Dungeon |   4243 |   1014 |   3229 |     12 |      1 |   8 |  530.4 |
        Temple |    108 |      2 |    106 |      0 |      0 |   1 |  108.0 |
       Ossuary |    396 |    396 |      0 |      0 |      0 |   1 |  396.0 |
               +--------+--------+--------+--------+--------+-----+--------+

Top non-repeatable levels by time:
     D:4: 736 daAuts
     D:3: 690 daAuts
     D:5: 649 daAuts
     D:6: 597 daAuts
     D:7: 551 daAuts
     D:2: 442 daAuts
     D:1: 429 daAuts
 Ossuary: 396 daAuts
     D:8: 147 daAuts
  Temple: 108 daAuts
